Map: Prion Terraces

Players

Andrew - Winner!

  • Race: Zerg Zerg
  • League: Master

Miszu

  • Race: Terran Terran
  • League: Grandmaster

VOD

Have the link to the VOD?

Description

Time

  • Played on: Feb. 14, 2016, 9:29 a.m.
  • Length: 5:34
Show
View Real Time Build Order
Export as new Build Order

Andrew Zerg - Winner!

Build Orders: Hatch First, Zergling Baneling 

Get SALT Encoding   

  12  0:01  Drone  
  13  0:12  Overlord  
  13  0:17  Drone  
  14  0:30  Drone x2  
  14  0:34  Drone  
  17  0:45  Drone  
  18  0:59  Hatchery  
  18  1:02  Drone  
  18  1:04  Extractor  
  17  1:17  Spawning Pool  
  16  1:20  Drone  
  16  1:23  Drone  
  18  1:28  Drone  
  19  1:38  Overlord  
  19  2:03  Queen  
  19  2:04  Metabolic Boost, Zergling x4  
  23  2:10  Queen  
  23  2:12  Zergling x2  
  26  2:20  Drone  
  27  2:27  Drone  
  28  2:30  Drone  
  28  2:36  Drone  
  30  2:38  Overlord  
  29  2:44  Drone  
  29  2:51  Zergling x2  
  27  3:10  Zergling x2  
  27  3:11  Zergling x6  
  30  3:16  Baneling Nest  
  30  3:19  Zergling x2  
  34  3:20  Zergling x12  
  36  3:28  Evolution Chamber  
  35  3:49  Drone  
  35  3:50  Drone x4  
  40  3:58  Drone x4  
  44  4:11  Baneling  
  44  4:12  Baneling x9  
  44  4:14  Baneling  
  44  4:24  Overlord  
  36  4:47  Zergling x12  
  36  4:48  Zergling x10  
  41  5:02  Drone  
  41  5:03  Drone  
  43  5:08  Drone  
  43  5:09  Hatchery  
  43  5:16  Drone  
Show
View Real Time Build Order
Export as new Build Order

Miszu Terran 

Build Orders:  

Get SALT Encoding   

  12  0:00  SCV  
  13  0:12  SCV  
  14  0:18  Supply Depot  
  14  0:25  SCV  
  15  0:29  Refinery  
  15  0:40  SCV  
  16  0:44  Barracks  
  16  0:52  SCV  
  17  1:01  Barracks  
  17  1:06  SCV  
  18  1:18  SCV  
  19  1:31  Orbital Command  
  19  1:32  Reaper  
  19  1:36  Supply Depot  
  20  1:48  Reaper  
  21  1:56  SCV  
  22  2:05  Reaper  
  22  2:08  SCV  
  24  2:17  Command Center  
  24  2:20  Reaper, SCV  
  26  2:27  Supply Depot  
  27  2:37  Reaper  
  27  2:52  Reaper  
  26  3:06  SCV  
  26  3:09  Reaper  
  28  3:18  Command Center, SCV  
  28  3:19  Refinery  
  29  3:24  Barracks Reactor  
  29  3:28  Barracks  
  29  3:30  SCV  
  30  3:35  Orbital Command  
  28  3:54  Barracks Tech Lab  
  26  4:00  Orbital Command  
  25  4:03  Marine  
  25  4:04  Marine  
  25  4:07  SCV  
  25  4:08  Bunker  
  25  4:09  Factory  
  28  4:13  Marine  
  28  4:16  Marine  
  30  4:19  SCV  
  30  4:21  Marine x2  
  33  4:26  SCV  
  34  4:31  Marine, SCV  
  34  4:33  Marine  
  36  4:39  Marine x2  
  36  4:43  SCV  
  33  4:49  Marine  
  33  4:51  Marine  
  33  4:52  Orbital Command  
  18  4:56  Marine  
  20  5:01  SCV  
  20  5:15  SCV  
  20  5:18  SCV  
Tags
 
Add a new tag
Caveats
  • Supply blocks, unpowered buildings, or Contaminate may cause inaccurate times.
  • Supply counts are checked every 10 seconds.